 Dungeon Crawl Stone Soup version 0.28-a0-1382-g92835e5c71 (webtiles) character file.

Game seed: 1808156719972835990

123 Deminshera the Cutter (level 4, -3/31 HPs)
             Began as a Vampire Fighter on Jan 1, 2022.
             Slain by a gnoll (5 damage)
             ... on level 3 of the Dungeon.
             The game lasted 00:02:21 (2115 turns).

Deminshera the Cutter (Vampire Fighter)             Turns: 2115, Time: 00:02:22

Health: -3/31      AC:  6    Str: 17    XL:     4   Next: 80%
Magic:  4/4        EV:  9    Int: 10    God:
Gold:   55         SH:  4    Dex: 13    Spells: 3/3 levels left

rFire   . . .      SeeInvis +   a - +0 rapier
rCold   . . .      Faith    .   c - +0 buckler
rNeg    . . .      Spirit   .   b - +0 scale mail
rPois   .          Reflect  .   (no helmet)
rElec   .          Harm     .   (no cloak)
rCorr   .          Rampage  .   (no gloves)
Will    .....                   (no boots)
Stlth   +.........              (no amulet)
HPRegen 0.30/turn               (no ring)
MPRegen 0.09/turn               (no ring)

@: healing quickly
A: alive, fangs 3, see invisible, vampiric 2, [frail 1]
a: Exsanguinate


You were on level 3 of the Dungeon.
You visited 1 branch of the dungeon, and saw 3 of its levels.

You collected 55 gold pieces.

Inventory:

Hand Weapons
 a - a +0 rapier (weapon)
Armour
 b - a +0 scale mail (worn)
 c - a +0 buckler (worn)
Jewellery
 g - a +6 ring of intelligence
Scrolls
 f - a scroll of teleportation {unknown}
 i - a scroll of enchant weapon {unknown}
 j - a scroll of enchant armour {unknown}
 k - a scroll of amnesia {unknown}
 l - a scroll of fear {unknown}
Potions
 d - 3 potions of might
 e - a potion of mutation {unknown}
 h - 2 potions of degeneration {unknown}
 m - a potion of magic {unknown}
 n - a potion of attraction {unknown}


   Skills:
 + Level 3.2 Fighting
 + Level 4.0 Short Blades
 - Level 2.4 Armour
 + Level 0.7 Dodging
 * Level 3.3 Stealth
 + Level 3.0 Shields


You had 3 spell levels left.
You didn't know any spells.
Your spell library contained the following spells:

 Spells                   Type           Power      Damage    Failure   Level
 Passwall                 Tmut/Erth      0%         N/A       91%         2
 Swiftness                Air            0%         N/A       99%         3


Dungeon Overview and Level Annotations

Branches:
Dungeon (3/15)

Altars:
Ashenzari

Shops:
D:3 *


Innate Abilities, Weirdness & Mutations

Your natural rate of healing is accelerated.
You have razor-sharp teeth.
You have supernaturally acute eyesight. (SInv)
You are afflicted with vampirism and can become a bat while bloodless.
[You are frail. (-10% HP)]


Message History

You barely miss the gnoll. You bite the gnoll.
The gnoll is heavily wounded.
You block the gnoll's attack. The gnoll hits you with a +0 whip.
A gnoll comes into view. It is wielding a +0 spear.
You puncture the gnoll!
You kill the gnoll!
The gnoll hits you from afar with a +0 spear.
Your Short Blades skill increases to level 4!
The gnoll hits you with a +0 spear.
Things that are here:
a +0 whip; a gnoll corpse You closely miss the gnoll.
Your bite misses the gnoll. The gnoll hits you with a +0 spear.
The gnoll hits you from afar with a +0 spear.
You are too injured to fight recklessly!
You are too injured to fight recklessly!
You are too injured to fight recklessly!
You are too injured to fight recklessly!
You are too injured to fight recklessly!
You are too injured to fight recklessly!
You are too injured to fight recklessly!
You are too injured to fight recklessly!
You are too injured to fight recklessly!
You are too injured to fight recklessly!
You are too injured to fight recklessly!
You are too injured to fight recklessly!
You are too injured to fight recklessly!
You are too injured to fight recklessly!
You are too injured to fight recklessly!
You are too injured to fight recklessly!
You are too injured to fight recklessly!
You are too injured to fight recklessly!
The gnoll closely misses you. The endoplasm freezes you.
You are frozen.
* * * LOW HITPOINT WARNING * * *
The gnoll hits you from afar with a +0 spear.
* * * LOW HITPOINT WARNING * * *
The gnoll hits you with a +0 spear.
You die...

#.#..#
#.#..##.###.##..##
#....# #.#..##.#
#.##†.## #.#.##
#.#..##.###.##..## #.#.#
#.#.........##.... #
#.#####.#..≈≈≈.#####....
..........≈≈≈≈≈.........
.........≈≈∩≈≈#########
#.#####.#.≈≈.≈≈#
#.#####@#g#≈.≈.####
........g...........
......J).......####.
#.####.......#.#
#.......#.# #.......#.#
#.......#.. #.......# #
#.......#


You could see a gnoll and an endoplasm.

Vanquished Creatures
  An orc wizard (D:3)
  A gnoll (D:3)
  2 adders
  A worm (D:2)
  A dart slug (D:3)
  3 orcs (D:3)
  3 ball pythons
  2 endoplasms
  5 giant cockroaches
  7 goblins
  7 hobgoblins
  3 jackals (D:1)
  4 quokkas
  6 bats
  4 frilled lizards
  5 kobolds
  6 rats
61 creatures vanquished.

Notes
Turn   | Place    | Note
-------+----------+-------------------------------------------
     0 | D:1      | Deminshera the Vampire Fighter began the quest for the Orb.
     0 | D:1      | Reached XP level 1. HP: 17/17 MP: 1/1
    45 | D:1      | Reached XP level 2. HP: 21/23 MP: 2/2
    82 | D:1      | Reached skill level 1 in Stealth
   578 | D:1      | Gained mutation: You are afflicted with vampirism and can
                  | become a bat while bloodless. [Vampire growth]
   578 | D:1      | Reached XP level 3. HP: 11/23 MP: 3/3
  1381 | D:2      | Reached skill level 3 in Short Blades
  1843 | D:2      | Found a faded altar of an unknown god.
  1843 | D:2      | Noticed a chaos spawn
  1966 | D:3      | Reached XP level 4. HP: 30/31 MP: 4/4
  2005 | D:3      | Found Deytysh's Assorted Antiques.
  2032 | D:3      | Found a broken altar of Ashenzari.
  2112 | D:3      | Reached skill level 4 in Short Blades
  2115 | D:3      | Slain by a gnoll

Illustrated notes

Levels and vault maps discovered:
D:1:      dpeg_arrival_tiny_d, layout_rooms
D:2:      layout_loops_ring, dreamdust_ecumenical_altar_sealed_demon
D:3:      layout_basic, general_overflow_altar, mainiacjoe_overflow_chevrons,
          serial_shops, nicolae_shop_waterfront

Skill      XL: |  1  2  3  4 |
---------------+-------------+-----
Stealth        | 2 3 |  3.3
Fighting       | 3 |  3.2
Shields        | 3 |  3.0
Short Blades   | 3 4 |  4.0
Armour         | |  2.4
Dodging        | |  0.7

Action                   |  1- 3 |  4- 6 || total
-------------------------+-------+-------++-------
Melee: Rapier            |   142 |    42 ||   184
       Bite              |    12 |     4 ||    16
 Abil: Exsanguinate      |     1 |       ||     1
       Revivify          |     1 |       ||     1
Armor: Scale mail        |    75 |    11 ||    86
Dodge: Dodged            |    67 |    14 ||    81
Block: Buckler           |    36 |     7 ||    43

Table legend: (Time is in decaauts)
 A = Elapsed time spent in this place.
 B = Non-inter-level travel time spent in this place.
 C = Inter-level travel time spent in this place.
 D = Time resting spent in this place.
 E = Time spent auto-exploring this place.
 F = Levels seen in this place.
 G = Mean time per level.
                   A        B        C        D        E       F      G
               +--------+--------+--------+--------+--------+-----+--------+
         Total |   2129 |   2062 |     67 |    651 |   1016 |   3 |  709.7 |
       Dungeon |   2129 |   2062 |     67 |    651 |   1016 |   3 |  709.7 |
               +--------+--------+--------+--------+--------+-----+--------+

Top non-repeatable levels by time:
     D:1: 1251 daAuts
     D:2: 698 daAuts
     D:3: 179 daAuts
